 Dungeon Crawl Stone Soup version 0.31.0-11-ge490571c62 (webtiles) character file.

Game seed: 14837148891265627158

53 ces the Shooter (level 3, -3/18 HPs)
             Began as a Spriggan Hunter on Jan 30, 2024.
             Killed by nerve-wracking pain
             ... invoked by an orc priest
              (7 damage)
             ... on level 3 of the Dungeon.
             The game lasted 00:02:10 (1567 turns).

ces the Shooter (Spriggan Hunter)                   Turns: 1567, Time: 00:02:11

Health: -3/18      AC:  2    Str:  7    XL:     3   Next: 64%
Magic:  4/4        EV: 18    Int: 10    God:
Gold:   34         SH:  0    Dex: 20    Spells: 2/2 levels left

rFire   . . .        a - +0 shortbow
rCold   . . .        (shield currently unavailable)
rNeg    . . .        c - +0 robe
rPois   .            (helmet restricted)
rElec   .            (no cloak)
rCorr   .            (gloves unavailable)
SInv    +            (boots unavailable)
Will    .....        (no amulet)
Stlth   ++           p - ring of wizardry
HPRegen 0.23/turn    (no ring)
MPRegen 0.09/turn

%: wizardry (x1)
@: brilliant, hasted, invisible, very quick
A: very small, no large weapons, unfitting armour, see invisible, speed 3
a: no special abilities


You were on level 3 of the Dungeon.
You visited 1 branch of the dungeon, and saw 3 of its levels.

You collected 34 gold pieces.

Inventory:

Hand Weapons
 a - a +0 shortbow (weapon)
Armour
 c - a +0 robe (worn)
Jewellery
 p - a ring of wizardry (left hand)
Wands
 s - a wand of charming (9)
Scrolls
 f - a scroll of torment
 g - a scroll of teleportation {unknown}
 j - a scroll of poison {unknown}
 m - a scroll of fear {unknown}
 o - a scroll of immolation {unknown}
 q - a scroll of revelation {unknown}
 r - a scroll of amnesia {unknown}
 t - a scroll of identify
Potions
 d - a potion of resistance
 e - a potion of degeneration
 h - 3 potions of mutation
 i - a potion of magic


   Skills:
 - Level 1.5 Fighting
 + Level 5.4 Ranged Weapons
 - Level 2.6 Dodging
 - Level 1.5 Stealth


You had 2 spell levels left.
You didn't know any spells.
Your spell library contained the following spells:

 Spells                   Type           Power      Damage    Failure   Level
 Frozen Ramparts          Ice            0%         1d1       41%         3
 Leda's Liquefaction      Alch/Erth      0%         N/A       80%         4
 Petrify                  Alch/Erth      0%         N/A       80%         4
 Metabolic Englaciation   Hex/Ice        0%         N/A       98%         5


Dungeon Overview and Level Annotations

Branches:
Dungeon (3/15)

Altars:

Annotations:
D:2 1 runed translucent door, Crazy Yiuf


Innate Abilities, Weirdness & Mutations

You are very small and have problems with some larger weapons.
You are too small for most types of armour.
You have supernaturally acute eyesight. (SInv)
You cover ground extremely quickly. (Speed+++)


Message History

The orc is almost dead.
The orc closely misses you.
You shoot an arrow. The arrow barely misses the orc.
The orc closely misses you. x2
You shoot an arrow. The arrow hits the orc!
You kill the orc!
The orc priest looks encouraged for a moment.
The orc hits you with a +0 falchion. The orc closely misses you.
You shoot an arrow. The arrow hits the orc priest.
The orc priest is moderately wounded.
The orc hits you with a +0 falchion. The orc priest barely misses you.
You shoot an arrow. The arrow hits the orc priest.
The orc priest is severely wounded.
The orc hits you with a +0 falchion.
* * * LOW HITPOINT WARNING * * *
You are too injured to fight recklessly!
You are too injured to fight recklessly!
You are too injured to fight recklessly!
It was a potion of brilliance.
You feel clever all of a sudden. The orc closely misses you.
The orc priest completely misses you.
It was a potion of invisibility.
You fade into invisibility!
The orc priest closely misses you. The orc wizard closely misses you.
The orc hits you with a +0 falchion.
* * * LOW HITPOINT WARNING * * *
It was a potion of haste.
You feel yourself speed up. The orc barely misses you.
The orc wizard barely misses you. The orc priest barely misses you.
As you read the scroll of butterflies, it crumbles to dust.
You hear the flapping of tiny wings.
The orc is knocked back by the sudden gust.
The orc wizard is knocked back by the sudden gust.
The orc priest is knocked back by the sudden gust.
You swap places.
Things that are here:
a +0 mace; an orc corpse The orc priest mumbles some strange prayers to Beogh against you.
Pain shoots through your body!
You die...

# ...####
....bbo## #ob#
##)## #o@##
##bb#
##b#######
#####..b.....#
#...<..b.....#
#.###........#
#........#
#........#
#........#


You could see an orc priest (unable to see you, ally target), an orc wizard
(invisible, unable to see you) and an orc (unable to see you, ally target).

Vanquished Creatures
  An adder (D:2)
  A dart slug (D:1)
  A ribbon worm (D:2)
  3 orcs (D:3)
  3 bats
  An endoplasm (D:1)
  2 giant cockroaches (D:2)
  5 hobgoblins
  5 kobolds
  2 quokkas (D:2)
  3 ball pythons
  5 frilled lizards
  A goblin (D:1)
  6 rats
39 creatures vanquished.

Notes
Turn   | Place    | Note
-------+----------+-------------------------------------------
     0 | D:1      | ces the Spriggan Hunter began the quest for the Orb.
     0 | D:1      | Reached XP level 1. HP: 10/10 MP: 2/2
   160 | D:1      | Reached XP level 2. HP: 14/14 MP: 3/3
   978 | D:2      | Reached skill level 5 in Ranged Weapons
  1008 | D:2      | Reached XP level 3. HP: 18/18 MP: 4/4
  1482 | D:2      | Found a runed translucent door.
  1483 | D:2      | Noticed Crazy Yiuf
  1567 | D:3      | Killed from afar by an orc priest

Illustrated notes

Levels and vault maps discovered:
D:1:      lightli_molten_gateway, layout_basic
D:2:      layout_loops_ring, uniq_crazy_yiuf_cottage
D:3:      layout_basic, makhleb_altar_promises_db,
          mainiacjoe_overflow_concentric_impassable, kennysheep_slug_shrine,
          hellmonk_ecumenical_altar_prayer_group, palyth_stone_intersect,
          nicolae_figureground_sparkle, uniq_grinder

Skill      XL: |  1  2 |
---------------+-------+-----
Ranged Weapons | 5 |  5.4
Fighting       | |  1.5
Dodging        | |  2.6
Stealth        | |  1.5

Action                     || total
---------------------------++-------
   Fire: Shortbow          ||   124
    Use: Scroll            ||     6
         Potion            ||     3
 Armour: Robe              ||     9
  Dodge: Dodged            ||    39
